 Dungeon Crawl Stone Soup version 0.29-a0-892-g2c4c91d9db (webtiles) character file.

Game seed: 15706841890798297415

3178 ragingrage the Cleaver (level 9, -3/51 HPs)
             Began as a Gargoyle Delver on July 22, 2022.
             Was a Priest of Okawaru.
             Killed from afar by a wretched star (26 damage)
             ... with a lance of force
             ... on level 2 of the Abyss.
             The game lasted 00:11:30 (10119 turns).

ragingrage the Cleaver (Gargoyle Delver)           Turns: 10119, Time: 00:11:31

Health: -3/51      AC: 17    Str: 20    XL:     9   Next: 95%
Magic:  9/9        EV:  7    Int: 11    God:    Okawaru [***...]
Gold:   511        SH:  0    Dex: 11    Spells: 8/8 levels left

rFire   + . .      SeeInvis .   a - +0 war axe (protect)
rCold   + . .      Faith    .   (no shield)
rNeg    + . .      Spirit   .   j - +0 chain mail
rPois   ∞          Reflect  .   (no helmet)
rElec   +          Harm     .   O - scarf {rC+ rF+}
rCorr   .          Rampage  .   l - +1 pair of gloves
Will    +....                   i - +0 pair of boots
Stlth   ..........              (no amulet)
HPRegen 0.17/turn               n - ring of willpower
MPRegen 0.11/turn               (no ring)

@: about to teleport
A: sickness immunity, AC +6, negative energy resistance 1, electricity
resistance, torment resistance 1, petrification resistance
a: Renounce Religion, Heroism


You were on level 2 of the Abyss.
You worshipped Okawaru.
Okawaru was most pleased with you.
You visited 1 branch of the dungeon, and saw 8 of its levels.
You visited the Abyss 1 time.

You collected 511 gold pieces.

Inventory:

Hand Weapons
 a - a +0 war axe of protection (weapon)
 b - a +0 spear of venom
 H - a +5 dire flail
Missiles
 z - 14 poisoned darts
 A - 3 javelins (quivered)
 D - a throwing net
Armour
 i - a +0 pair of boots (worn)
 j - a +0 chain mail (worn)
 l - a +1 pair of gloves (worn)
 v - an orb of light
 O - a scarf of resistance (worn)
Jewellery
 n - a ring of willpower (left hand)
Wands
 g - a wand of digging (3)
 q - a wand of quicksilver (5)
 s - a wand of iceblast (9)
 y - a wand of mindburst (18)
 E - a wand of flame (14)
 L - a wand of paralysis (7)
Scrolls
 c - 3 scrolls of fog
 d - a scroll of magic mapping
 e - a scroll of fear
 f - 2 scrolls of noise
 m - 3 scrolls of teleportation
 p - a scroll of summoning
 r - 2 scrolls of identify
 t - a scroll of blinking
 x - 2 scrolls of immolation
 C - a scroll of amnesia
Potions
 h - a potion of might {unknown}
 k - 3 potions of attraction
 o - 3 potions of magic
 u - 2 potions of flight {unknown}
 w - 2 potions of curing
 B - 5 potions of degeneration
 F - a potion of brilliance {unknown}
 G - 4 potions of heal wounds
 I - a potion of cancellation {unknown}
 M - 2 potions of lignification {unknown}
 N - a potion of mutation {unknown}
 P - a potion of haste


   Skills:
 - Level 3.2 Fighting
 * Level 12.5 Axes
 - Level 1.5 Dodging
 - Level 5.4 Stealth


You had 8 spell levels left.
You didn't know any spells.
Your spell library contained the following spells:

 Spells                   Type           Power      Damage    Failure   Level
 Sandblast                Erth           0%         2d4       99%         1
 Shock                    Conj/Air       0%         1d3       99%         1
 Ensorcelled Hibernation  Hex/Ice        0%         N/A       100%        2
 Passwall                 Tmut/Erth      0%         N/A       100%        2
 Ozocubu's Armour         Ice            0%         N/A       100%        3
 Stone Arrow              Conj/Erth      0%         3d7       100%        3
 Swiftness                Air            0%         N/A       100%        3
 Airstrike                Air            0%         0-1+      100%        4
 Ozocubu's Refrigeration  Ice            0%         4d5       100%        7


Dungeon Overview and Level Annotations

Branches:
Dungeon (8/15)             Temple (0/1) D:6
   Lair: D:8-11

Altars:
Ashenzari
Dithmenos
Elyvilon
Fedhas
Okawaru
Qazlal
Sif Muna
Trog
Uskayaw
Vehumet
Wu Jian
Xom

Annotations:
D:4 1 exclusion
D:5 exclusion: downstairs


Innate Abilities, Weirdness & Mutations

You are immune to sickness and miasma.
Your stone body is resilient. (AC +6)
You are immune to poison.
You resist negative energy. (rN+)
You are resistant to electric shocks. (rElec)
You are resistant to unholy torment.
You are immune to petrification.


Message History

Reach: b) +0 spear (venom)
Press: ? - help, Dir - move target, f - wizard
Aim: a wizard, wielding a +0 dagger and wearing a +0 robe (slightly transparent, haloed, about 25% to evade your +0 spear of venom)
You puncture the wizard!
The wizard is poisoned.
The wizard is lightly wounded.
Reach: b) +0 spear (venom)
Press: ? - help, Dir - move target, f/p - wizard
Aim: a wizard, wielding a +0 dagger and wearing a +0 robe (lightly wounded, slightly transparent, very poisoned, haloed, about 25% to evade your +0 spear of venom)
You barely miss the wizard.
The wizard is lightly wounded.
The wizard points at you and mumbles some strange words.
You are cast into the Abyss!
This branch contains the abyssal rune of Zot.
Reactivating autopickup.
Unknown command.
Your +0 spear of venom stops dripping with poison.
Your +0 war axe of protection hums with potential!
a - a +0 war axe of protection (weapon)
Okay, then.
Okay, then.
You start removing your armour.
You continue taking off your orb of light. x4
You finish taking off your orb of light.
You feel like a meek peon again.
Okay, then.
A wretched star comes into view.
Okay, then.
As you read the scroll of teleportation, it crumbles to dust.
You feel strangely unstable.
You feel the power of the Abyss delaying your translocation!
The smoke demon gestures at you. Something smites you!
Unknown command.
The smoke demon gestures at you. Something smites you!
A tentacled starspawn comes into view.
The wretched star glows turbulently.
The lance of force hits you!!
Ouch! That really hurt!
You die...

#.#.###
#.....
##..#..
#..#..## #.
##....##
..#
#...*..#...
#....#§.#.#
#...#...3.#
...#.
#@####..#
..#. #.#
... .. ...
.. .. .#.##
.# # #....
.. . .#. #.
. . . #X #.


You could see a tentacled starspawn (wandering), a wretched star and a smoke
demon.

Vanquished Creatures
  A komodo dragon (D:6)
  A steam dragon (D:7)
  A water moccasin (D:8)
  3 ice beasts
  A sky beast (D:6)
  2 orc warriors
  A black bear (D:6)
  A phantom (D:6)
  A centaur (D:7)
  A kobold brigand (D:7)
  Blork the orc (D:6)
  3 bullfrogs (D:7)
  A necrophage (D:7)
  4 scorpions
  7 wights
  5 orc priests
  4 hounds
  4 jellies
  6 orc wizards
  4 iguanas
  10 gnolls
  4 adders
  A shadow imp (D:6)
  2 ufetubi
  A worm (D:5)
  2 dart slugs
  26 orcs
  5 ball pythons
  2 bats
  5 endoplasms
  5 giant cockroaches
  8 goblins
  5 hobgoblins
  A quokka (D:5)
  3 frilled lizards
  11 kobolds
  4 rats
147 creatures vanquished.

Vanquished Creatures (others)
  15 fungi (D:4)
  53 plants (D:5)
68 creatures vanquished.

Grand Total: 215 creatures vanquished

Notes
Turn   | Place    | Note
-------+----------+-------------------------------------------
     0 | D:5      | ragingrage the Gargoyle Delver began the quest for the Orb.
     0 | D:5      | Reached XP level 1. HP: 14/14 MP: 1/1
     6 | D:5      | Noticed an ice beast
    53 | D:4      | Reached skill level 2 in Axes
    53 | D:4      | Reached XP level 2. HP: 11/19 MP: 2/2
   212 | D:4      | Found a broken altar of Ashenzari.
   464 | D:3      | Found a hide-covered altar of Uskayaw.
   791 | D:1      | Reached skill level 3 in Axes
   919 | D:1      | Reached XP level 3. HP: 23/23 MP: 3/3
  1511 | D:2      | Found a faded altar of an unknown god.
  2078 | D:2      | Found a stormy altar of Qazlal.
  2611 | D:4      | Reached XP level 4. HP: 28/28 MP: 4/4
  2627 | D:4      | Reached skill level 4 in Axes
  3005 | D:4      | Reached XP level 5. HP: 26/32 MP: 5/5
  3607 | D:3      | Reached skill level 5 in Axes
  3804 | D:3      | Found an iron altar of Okawaru.
  3873 | D:3      | Became a worshipper of Warmaster Okawaru
  4218 | D:4      | Found a radiant altar of Vehumet.
  4767 | D:4      | Reached XP level 6. HP: 33/37 MP: 6/6
  4911 | D:4      | Noticed an air elemental
  4913 | D:4      | Found a stormy altar of Qazlal.
  4915 | D:4      | Noticed a water elemental
  4915 | D:4      | Noticed a fire elemental
  5411 | D:4      | Noticed an acid dragon
  5415 | D:4      | Noticed a sky beast
  5689 | D:5      | Reached skill level 6 in Axes
  5943 | D:5      | Killed an ice beast
  5944 | D:5      | Reached XP level 7. HP: 41/41 MP: 7/7
  5966 | D:5      | Reached skill level 7 in Axes
  5971 | D:5      | Found a shimmering altar of Xom.
  6088 | D:5      | Found an ornate altar of the Wu Jian Council.
  6665 | D:6      | Reached * piety under Okawaru
  6667 | D:6      | Reached skill level 8 in Axes
  6699 | D:6      | Reached XP level 8. HP: 28/46 MP: 8/8
  6970 | D:6      | Found a staircase to the Ecumenical Temple.
  7121 | D:6      | Found a shadowy altar of Dithmenos.
  7139 | D:6      | Reached skill level 9 in Axes
  7338 | D:6      | Found a shimmering blue altar of Sif Muna.
  7594 | D:6      | Found a bloodstained altar of Trog.
  7619 | D:6      | Got Sif Muna's Octavo of Cold
  7641 | D:6      | Reached ** piety under Okawaru
  7784 | D:6      | Reached skill level 10 in Axes
  7841 | D:6      | Reached XP level 9. HP: 23/51 MP: 9/9
  8270 | D:6      | Noticed a komodo dragon
  8358 | D:6      | Noticed Blork the orc
  8368 | D:6      | Killed Blork the orc
  8551 | D:6      | Killed a komodo dragon
  8552 | D:6      | Reached skill level 11 in Axes
  8979 | D:7      | Found a white marble altar of Elyvilon.
  9009 | D:7      | Found a blossoming altar of Fedhas.
  9074 | D:7      | Reached *** piety under Okawaru
  9495 | D:7      | Reached skill level 12 in Axes
 10049 | D:8      | Noticed a wizard
 10063 | Abyss:2  | Cast into level 2 of the Abyss (a wizard)
 10114 | Abyss:2  | Noticed a smoke demon
 10115 | Abyss:2  | Noticed a wretched star
 10119 | Abyss:2  | Noticed a tentacled starspawn
 10119 | Abyss:2  | Killed from afar by a wretched star

Illustrated notes

Levels and vault maps discovered:
D:1:      dpeg_arrival_stone_temple_mockup, layout_loops_ring
D:2:      layout_basic, basic_altar, hellmonk_ecumenical_altar_run_dry
D:3:      layout_loops_corners, okawaru_ov_weapons_minmay,
          mainiacjoe_overflow_alcove_2
D:4:      layout_basic, nicolae_qazlal_style_of_elements,
          mainiacjoe_overflow_concentric_impassable,
          mainiacjoe_overflow_cross_hatched, serial_aquarium,
          aquarium_bridge_square [aquarium_subvault_bridge,
          aquarium_subvault_balcony, aquarium_subvault_wall,
          aquarium_subvault_wall], aquarium_window_3, aquarium_window_corner,
          aquarium_window_fake, aquarium_view_2f, aquarium_balcony_double_3,
          minmay_small_thing
D:5:      layout_cave_pools, mainiacjoe_overflow_tiny_flanked,
          nicolae_gozag_zags_fifth_avenue, nicolae_overflow_hidden_temple,
          cheibrodos_sewer_entry_drain, serial_bayou, serial_bayou_pond_d,
          serial_bayou_pond_a, serial_bayou_lagoon_a, serial_bayou_pond_c,
          supply_closet_lemuel, hangedman_abyss_or_decor_stabs
D:6:      layout_basic, nzn_overflow_gifts_of_might_and_magic,
          kennysheep_little_box, minmay_temple_entry_proselytizer,
          uniq_blork_the_orc
D:7:      layout_loops_cross, fedhas_bush_and_centaur_altar,
          amcnicky_altar_gilded, minivault_10
D:8:      cheibrodos_wizards_tower, layout_basic
Abyss:2:  base:
D:1

Skill      XL: |  1  2  3  4  5  6  7  8  9 |
---------------+----------------------------+-----
Axes           | 2 3 4 5 6 8 10 12 | 12.5
Fighting       | |  3.2
Dodging        | |  1.5
Stealth        | |  5.4

Action                   |  1- 3 |  4- 6 |  7- 9 || total
-------------------------+-------+-------+-------++-------
Melee: Hand axe          |   120 |   129 |    16 ||   265
       War axe           |       |       |   244 ||   244
       Spear             |       |       |    26 ||    26
Throw: Dart              |       |     6 |       ||     6
       Javelin           |       |     2 |     8 ||    10
       Throwing net      |       |       |     1 ||     1
Invok: Heroism           |       |       |     4 ||     4
Evoke: Wand              |       |     2 |     4 ||     6
  Use: Potion            |       |     1 |       ||     1
       Scroll            |       |       |    16 ||    16
 Stab: Sleeping          |     1 |       |       ||     1
       Held in net/web   |       |       |     1 ||     1
Armor: Leather armour    |    16 |       |       ||    16
       Chain mail        |    50 |    90 |   176 ||   316
Dodge: Dodged            |    55 |    51 |    94 ||   200

Table legend: (Time is in decaauts)
 A = Elapsed time spent in this place.
 B = Non-inter-level travel time spent in this place.
 C = Inter-level travel time spent in this place.
 D = Time resting spent in this place.
 E = Time spent auto-exploring this place.
 F = Levels seen in this place.
 G = Mean time per level.
                   A        B        C        D        E       F      G
               +--------+--------+--------+--------+--------+-----+--------+
         Total |  10125 |   9694 |    431 |   2939 |   5024 |   9 | 1125.0 |
       Dungeon |  10070 |   9639 |    431 |   2939 |   5024 |   8 | 1258.8 |
         Abyss |     54 |     54 |      0 |      0 |      0 |   1 |   54.0 |
               +--------+--------+--------+--------+--------+-----+--------+

Top non-repeatable levels by time:
     D:4: 2667 daAuts
     D:6: 1955 daAuts
     D:7: 1340 daAuts
     D:3: 1224 daAuts
     D:5: 990 daAuts
     D:1: 988 daAuts
     D:2: 811 daAuts
     D:8: 93 daAuts
 Abyss:2: 54 daAuts
